 Dungeon Crawl Stone Soup version 0.29.1-2-gbd0b4ee654 (webtiles) character file.

Game seed: 460034109314740379

37 kingsuperguy the Covert (level 3, 0/19 HPs)
             Began as a Spriggan Delver on Nov 15, 2022.
             Was an Initiate of Elyvilon.
             Slain by an ufetubus (3 damage)
             ... on level 6 of the Dungeon.
             The game lasted 00:02:28 (158 turns).

kingsuperguy the Covert (Spriggan Delver)            Turns: 158, Time: 00:02:28

Health: 0/19       AC:  2    Str:  8    XL:     3   Next: 23%
Magic:  4/4        EV: 18    Int: 11    God:    Elyvilon [......]
Gold:   0          SH:  0    Dex: 18    Spells: 2/2 levels left

rFire   . . .      SeeInvis +   a - +0 short sword
rCold   . . .      Faith    .   (no shield)
rNeg    . . .      Spirit   .   b - +0 robe
rPois   .          Reflect  .   (helmet restricted)
rElec   .          Harm     .   (no cloak)
rCorr   .          Rampage  .   (gloves unavailable)
Will    .....                   (boots unavailable)
Stlth   ++++......              (no amulet)
HPRegen 0.06/turn               (no ring)
MPRegen 0.09/turn               (no ring)

@: very quick
A: very small, no large weapons, unfitting armour, see invisible, speed 3
a: Renounce Religion


You were on level 6 of the Dungeon.
You worshipped Elyvilon.
Elyvilon was noncommittal.
You visited 1 branch of the dungeon, and saw 2 of its levels.

Inventory:

Hand Weapons
 a - a +0 short sword (weapon)
Armour
 b - a +0 robe (worn)
Wands
 g - a wand of digging (3)
Scrolls
 c - a scroll of fog
 d - a scroll of magic mapping
 e - 2 scrolls of fear
 h - 3 scrolls of vulnerability {unknown}
Potions
 f - a potion of haste


   Skills:
 + Level 2.6 Fighting
 + Level 2.3 Short Blades
 + Level 2.8 Dodging
 + Level 8.5 Stealth


You had 2 spell levels left.
You didn't know any spells.
Your spell library was empty.

Dungeon Overview and Level Annotations

Branches:
Dungeon (6/15)             Temple (0/1) D:5

Altars:
Elyvilon
Qazlal

Annotations:
D:6 Menkaure


Innate Abilities, Weirdness & Mutations

You are very small and have problems with some larger weapons.
You are too small for most types of armour.
You have supernaturally acute eyesight. (SInv)
You cover ground extremely quickly. (Speed+++)


Message History

Found a puce potion.
The helpless iguana fails to defend itself.
You impale the iguana!!
You kill the iguana!
Your Stealth skill increases to level 8!
You have reached level 3!
Your experience leads to an increase in your attributes!
Increase (S)trength, (I)ntelligence, or (D)exterity?
You feel agile. x2
Menkaure, Prince of Dust comes into view.
Found a spear.
Found 3 scrolls labelled HEURCHI UWNEWKEARA.
An ufetubus comes into view.
The ufetubus shouts!
Menkaure shouts!
The ufetubus misses you. The ufetubus closely misses you.
Found a stone staircase leading down.
There is a stone staircase leading down here.
You barely miss the ufetubus. The ufetubus closely misses you.
The ufetubus completely misses you.
You hit the ufetubus.
The ufetubus is moderately wounded.
The ufetubus closely misses you. The ufetubus misses you.
You hit the ufetubus but do no damage.
The ufetubus is moderately wounded.
The ufetubus hits you. The ufetubus misses you. The ufetubus hits you.
The ufetubus closely misses you.
You hit the ufetubus.
The ufetubus is heavily wounded.
The ufetubus misses you. The ufetubus closely misses you.
An iguana comes into view.
You miss the ufetubus.
The ufetubus is heavily wounded.
The ufetubus completely misses you. The ufetubus misses you. x2
The ufetubus hits you.
* * * LOW HITPOINT WARNING * * *
The ufetubus hits you.
* * * LOW HITPOINT WARNING * * *
The ufetubus hits you.
You die...

### .## .#. #.. ...
.#...##.# ..# .......#
... ..###......##.# #
#..#...#.#.#..# ..
##....#.#.#...##### #.#
#....#....5@....... #..
##............P.P...
##.##...?........P......
.#..#...........PP...PP.
..#.............P..8.PP.
.M.......M.......P...P..
.....##...#......PPPPP..
..##.#########....P.P...
.....## ##.......#


You could see Menkaure and an ufetubus.

Vanquished Creatures
  An iguana (D:6)
  A gnoll (D:5)
2 creatures vanquished.

Vanquished Creatures (others)
  5 plants (D:5)
5 creatures vanquished.

Grand Total: 7 creatures vanquished

Notes
Turn   | Place    | Note
-------+----------+-------------------------------------------
     0 | D:5      | kingsuperguy the Spriggan Delver began the quest for the
                  | Orb.
     0 | D:5      | Reached XP level 1. HP: 11/11 MP: 2/2
    24 | D:5      | Found a white marble altar of Elyvilon.
    27 | D:5      | Became a worshipper of Elyvilon the Healer
    32 | D:5      | Noticed an orc wizard
    33 | D:5      | Found a staircase to the Ecumenical Temple.
    33 | D:5      | Noticed an orc wizard
    62 | D:5      | Found a stormy altar of Qazlal.
    65 | D:5      | Reached XP level 2. HP: 16/16 MP: 3/3
    97 | D:6      | Noticed an ice beast
    97 | D:6      | Noticed a water moccasin
   112 | D:6      | Noticed a phantom
   126 | D:6      | Reached skill level 8 in Stealth
   126 | D:6      | Reached XP level 3. HP: 14/19 MP: 4/4
   136 | D:6      | Noticed Menkaure
   158 | D:6      | Slain by an ufetubus

Illustrated notes

Levels and vault maps discovered:
D:5:      layout_basic, mainiacjoe_overflow_alcove_4,
          mainiacjoe_overflow_cross_hatched, kennysheep_mini, temple_doors_e,
          minivault_26, uniq_pikel, uniq_ijyb
D:6:      layout_rooms, dreamdust_mushroom_princess, minivault_11, uniq_menkaure

Skill      XL: |  1  2 |
---------------+-------+-----
Stealth        | 8 |  8.5
Fighting       | |  2.6
Short Blades   | |  2.3
Dodging        | |  2.8

Action                   || total
-------------------------++-------
Melee: Short sword       ||     7
 Stab: Sleeping          ||     2
Dodge: Dodged            ||    14
